 Dungeon Sprint DCSS version 0.22-a0-135-g6f012ad (webtiles) character file.

177 schets the Skirmisher (level 5, -1/46 HPs)
             Began as a Demonspawn Fighter on Feb 1, 2018.
             Slain by a scorpion (5 damage)
             ... in the Dungeon (Sprint IX: "|||||||||||||||||||||||||||||").
             The game lasted 00:00:23 (133 turns).

schets the Skirmisher (Demonspawn Fighter)           Turns: 133, Time: 00:00:23

Health: -1/46      AC: 13    Str: 17    XL:     5   Next: 31%
Magic:  5/5        EV:  7    Int:  9    God:
Gold:   0          SH: 10    Dex: 13    Spells: 4/4 levels left

rFire    . . .     SeeInvis .     - Unarmed
rCold    . . .     Gourm    .   b - +0 shield
rNeg     . . .     Faith    .   a - +0 scale mail
rPois    .         Spirit   .   (no helmet)
rElec    .         Reflect  .   (no cloak)
rCorr    .         Harm     .   (no gloves)
MR       .....     NoTele   +   (no boots)
Stlth    ..........             (no amulet)
HPRegen  0.15/turn              (no ring)
MPRegen  0.09/turn              (no ring)

@: sanguine armour, berserk cooldown, slowed, very slow
A: sanguine armour 1
a: no special abilities


You were in the Dungeon.
You were not hungry.

You visited 1 branch

Inventory:

Armour
 a - a +0 scale mail (worn)
 b - a +0 shield (worn)
Scrolls
 j - a scroll of blinking
Potions
 c - a potion of might
 e - a potion of curing
 f - a potion of heal wounds
 g - a potion of haste
 h - 2 potions of magic
Comestibles
 d - a ration
 k - 2 chunks of flesh


   Skills:
 + Level 6.2 Fighting
 + Level 5.8 Armour
 + Level 0.4 Dodging
 + Level 5.9 Shields
 + Level 4.5 Unarmed Combat


You had 4 spell levels left.
You didn't know any spells.

Dungeon Overview and Level Annotations

Branches:
Dungeon (1/1)

Altars:


Innate Abilities, Weirdness & Mutations

When seriously injured, your bleeding wounds create armour. (AC +6)


Message History

The scorpion is severely wounded.
The scorpion stings you.
* * * LOW HITPOINT WARNING * * *
You hit the scorpion.
The scorpion is almost dead.
The scorpion stings you.
* * * LOW HITPOINT WARNING * * *
You block the scorpion's attack.
You barely miss the scorpion.
The scorpion is almost dead.
You block the scorpion's attack.
The scorpion stings you but does no damage.
You hit the scorpion.
The scorpion is almost dead.
The scorpion stings you but does no damage.
Your shield and scale mail prevent you from hitting the scorpion.
The scorpion is almost dead.
The scorpion stings you but does no damage.
The scorpion stings you.
You die...

▓(▓
▓(▓
▓)▓
▓)▓
▓.▓
▓.▓
▓(▓
▓'▓
▓@▓
▓s▓
▓S▓
▓.▓
▓.▓
▓+▓


You could see a scorpion and an adder.

Vanquished Creatures
  An ogre (D)
  A centaur (D)
  An adder (D)
  A giant cockroach (D)
  A hobgoblin (D)
  3 kobolds (D)
8 creatures vanquished.

Notes
Turn   | Place    | Note
-------+----------+-------------------------------------------
     0 | D        | schets the Demonspawn Fighter began the quest for the Orb.
     0 | D        | Reached XP level 1. HP: 18/18 MP: 1/1
   108 | D        | Noticed a centaur
   108 | D        | Noticed an ogre
   108 | D        | Noticed a scorpion
   113 | D        | Killed a centaur
   113 | D        | Reached skill level 5 in Fighting
   113 | D        | Reached skill level 5 in Shields
   113 | D        | Gained mutation: When seriously injured, your bleeding wounds create armour. (AC +6) [demonic ancestry]
   113 | D        | Reached XP level 2. HP: 22/27 MP: 2/2
   113 | D        | Reached XP level 3. HP: 27/33 MP: 3/3
   113 | D        | Reached XP level 4. HP: 31/39 MP: 4/4
   115 | D        | Reached skill level 5 in Armour
   122 | D        | Killed an ogre
   122 | D        | Reached skill level 6 in Fighting
   122 | D        | Reached XP level 5. HP: 14/46 MP: 5/5
   133 | D        | Slain by a scorpion

Vault maps used:
D:        linesprint

Skill      XL: |  1  2  3  4 |
---------------+-------------+-----
Armour         | 4 5 |  5.8
Shields        | 5 |  5.9
Unarmed Combat | 3 4 |  4.5
Fighting       | 5 6 |  6.2
Dodging        | |  0.4

Action                   |  1- 3 |  4- 6 || total
-------------------------+-------+-------++-------
Melee: Unarmed           |    21 |    19 ||    40
  Use: Potion            |     1 |       ||     1
Armor: Scale mail        |     7 |     6 ||    13
Dodge: Dodged            |     3 |     3 ||     6
Block: Shield            |    11 |     5 ||    16

Table legend:
 A = Spawn XP
 B = Non-spawn XP
 C = Spawn XP percentage of total XP
 D = Spawn monster count
 E = Non-spawn monster count
 F = Spawn count percentage of total count
 G = Total turns spent on level
                    A         B        C        D         E        F      G
               +---------+---------+-------+---------+---------+-------+---------
         Total |       0 |     254 |   0.0 |       0 |       8 |   0.0 |   133
               +---------+---------+-------+---------+---------+-------+---------
             D |       0 |     254 |   0.0 |       0 |       8 |   0.0 |   133
               +---------+---------+-------+---------+---------+-------+---------
